 Dungeon Crawl Stone Soup version 0.30-a0-782-ge64f9170bb (webtiles) character file.

Game seed: 14764388230235507865

1163 theswoord the Skirmisher (level 8, -8/43 HPs)
             Began as a Deep Elf Hunter on Mar 15, 2023.
             Was a Follower of Kikubaaqudgha.
             Mangled by an orc warrior
             ... wielding a +0 battleaxe
              (24 damage)
             ... on level 6 of the Dungeon.
             The game lasted 00:06:07 (3695 turns).

theswoord the Skirmisher (Deep Elf Hunter)          Turns: 3695, Time: 00:06:07

Health: -8/43      AC:  6    Str: 14    XL:     8   Next: 17%
Magic:  10/10      EV: 14    Int: 16    God:    Kikubaaqudgha [*.....]
Gold:   320        SH:  0    Dex: 19    Spells: 3/7 levels left

rFire   . . .      SeeInvis +    j - +11 arbalest of Chance {heavy, Str+2}
rCold   . . .      Faith    .    (shield currently unavailable)
rNeg    . . .      Spirit   .    c - +0 leather armour
rPois   +          Reflect  .    (no helmet)
rElec   .          Harm     +    (no cloak)
rCorr   .          Rampage  +    d - +1 pair of gloves
Will    +....                    i - +0 pair of boots "Osiusadgh" {Harm Rampage rPois Int+2}
Stlth   ++                       (no amulet)
HPRegen 0.27/turn                e - ring of see invisible
MPRegen 0.12/turn                (no ring)

@: no status effects
A: strong-willed 1, strong 1
a: Renounce Religion, Unearth Wretches


You were on level 6 of the Dungeon.
You worshipped Kikubaaqudgha.
Kikubaaqudgha was aware of your devotion.
You visited 2 branches of the dungeon, and saw 7 of its levels.

You collected 320 gold pieces.

Inventory:

Hand Weapons
 a - a +1 shortbow
 j - the +11 arbalest of Chance (weapon) {heavy, Str+2}
   (You acquired it on level 3 of the Dungeon)

   Str:       It affects your strength (+2).
Armour
 c - a +0 leather armour (worn)
 d - a +1 pair of gloves (worn)
 i - the +0 pair of boots "Osiusadgh" (worn) {Harm Rampage rPois Int+2}
   (You found it on level 3 of the Dungeon)

   Int:       It affects your intelligence (+2).
   rPois:     It protects you from poison.
   Harm:      It increases damage dealt and taken.
   Rampage:   It bestows one free step when moving towards enemies.
 r - a +0 helmet
Jewellery
 e - a ring of see invisible (left hand)
 n - a ring of fire
Scrolls
 b - 2 scrolls of immolation
 g - 5 scrolls of teleportation
 p - a scroll of enchant weapon
 q - 2 scrolls of enchant armour
 s - a scroll of identify
Potions
 f - 2 potions of attraction
 h - a potion of degeneration
 k - 3 potions of curing
 l - a potion of heal wounds
 m - 2 potions of mutation
 o - a potion of berserk rage {unknown}


   Skills:
 - Level 1.5 Fighting
 + Level 11.7 Ranged Weapons
 + Level 5.1 Dodging
 - Level 1.2 Stealth
 + Level 4.4 Necromancy


You had 3 spell levels left.
You knew the following spells:

 Your Spells              Type           Power      Damage    Failure   Level
a - Animate Dead          Necr           14%        N/A       47%         4

Your spell library contained the following spells:

 Spells                   Type           Power      Damage    Failure   Level
 Necrotise                Necr           56%        1d6       5%          1
 Kiss of Death            Conj/Necr      28%        2d7       13%         1
 Vampiric Draining        Necr           14%        2d7       16%         3


Dungeon Overview and Level Annotations

Branches:
Dungeon (6/15)             Temple (1/1) D:4

Altars:
Ashenzari
Cheibriados
Dithmenos
Elyvilon
Fedhas
Gozag
Hepliaklqana
Kikubaaqudgha
Makhleb
Nemelex Xobeh
Okawaru
Ru
Sif Muna
Trog
Uskayaw
Vehumet
Wu Jian
Xom
Yredelemnul
Zin
The Shining One


Innate Abilities, Weirdness & Mutations

You are strong-willed. (Will+)
Your muscles are strong. (Str +4, Int/Dex -1)


Message History

The orc shouts!
The orc warrior unwields a +0 battleaxe.
The orc warrior wields a +0 arbalest.
The orc warrior shoots a bolt.
The bolt barely misses you.
The orc shouts!
The orc shouts!
You shoot a bolt. The bolt hits the orc warrior!!!
You kill the orc warrior!
Kikubaaqudgha accepts your kill.
Your Dodging skill increases to level 5!
You shoot a bolt. The bolt hits the orc!!
You kill the orc!
Kikubaaqudgha accepts your kill.
You shoot a bolt. The bolt closely misses the orc.
The bolt closely misses the orc warrior.
The bolt hits the orc!!
You kill the orc!
Kikubaaqudgha accepts your kill. The orc misses you.
You shoot a bolt.
The bolt hits the orc warrior but does no damage.
The orc warrior unwields a +0 arbalest.
The orc warrior wields a +0 battleaxe.
The orc warrior closely misses you. The orc warrior misses you.
You shoot a bolt. The bolt hits the orc warrior!
The orc warrior hits you with a +0 battleaxe!
The orc warrior hits you with a +0 battleaxe.
You shoot a bolt. The bolt hits the orc warrior.
The orc warrior closely misses you.
The orc warrior hits you with a +0 battleaxe!
* * * LOW HITPOINT WARNING * * *
You shoot a bolt.
The bolt closely misses the orc warrior.
The bolt closely misses the orc.
The bolt barely misses the orc.
The bolt hits the orc!!
You kill the orc!
Kikubaaqudgha accepts your kill.
The orc warrior hits you with a +0 battleaxe!!
Ouch! That really hurt!
You die...
Kikubaaqudgha rasps: "You have failed me!
Welcome... death!"

+.........+
......... .......
..... .)o #.# #o#
#.# #o# #.# #o#
#.# ##@##
#.#######...####
#.##....:........
#.##.###....###.#
#.##.###.#..# #.#
#........#..# #.#
####.##.....# #.#
#.###.#..# #.#
#.###.#..###.####


You could see an orc warrior and 3 orcs.

Vanquished Creatures
  2 water moccasins (D:5)
  2 orc warriors
  An ogre (D:5)
  A necrophage (D:6)
  A scorpion (D:5)
  A howler monkey (D:4)
  3 hounds (D:5)
  A gnoll bouda (D:4)
  A jelly (D:4)
  2 orc wizards (D:3)
  2 iguanas (D:4)
  10 adders
  8 gnolls
  2 white imps (D:5)
  A worm (D:5)
  15 orcs
  4 bats
  11 endoplasms
  6 giant cockroaches
  8 hobgoblins
  A quokka (D:4)
  8 ball pythons
  3 frilled lizards
  6 goblins
  9 kobolds
  7 rats
116 creatures vanquished.

Notes
Turn   | Place    | Note
-------+----------+-------------------------------------------
     0 | D:1      | theswoord the Deep Elf Hunter began the quest for the Orb.
     0 | D:1      | Reached XP level 1. HP: 12/12 MP: 3/3
   153 | D:1      | Reached XP level 2. HP: 16/16 MP: 4/4
   155 | D:1      | Reached skill level 6 in Ranged Weapons
   656 | D:2      | Reached XP level 3. HP: 10/20 MP: 5/5
   715 | D:2      | Reached skill level 7 in Ranged Weapons
   909 | D:2      | Reached XP level 4. HP: 25/25 MP: 6/6
  1421 | D:3      | Found an iron altar of Okawaru.
  1557 | D:3      | Reached skill level 8 in Ranged Weapons
  1564 | D:3      | HP: 1/25 [orc/+0 whip (4)]
  1717 | D:3      | Identified a scroll of acquirement
  1717 | D:3      | Acquired the +11 arbalest of Chance {heavy, Str+2}
  1777 | D:3      | Reached XP level 5. HP: 21/29 MP: 7/7
  1884 | D:3      | Identified the +0 pair of boots "Osiusadgh" {Harm Rampage
                  | rPois Int+2}
  1936 | D:3      | Identified the +5 flail "Yniapp" {flame, rCorr Dex+5}
  2378 | D:4      | Reached skill level 9 in Ranged Weapons
  2422 | D:4      | Reached XP level 6. HP: 13/34 MP: 8/8
  2515 | D:4      | Noticed an orc warrior
  2520 | D:4      | Killed an orc warrior
  2521 | D:4      | Reached skill level 10 in Ranged Weapons
  2648 | D:4      | Found a staircase to the Ecumenical Temple.
  2656 | Temple   | Entered the Ecumenical Temple
  2685 | Temple   | Became a worshipper of Kikubaaqudgha
  2828 | D:4      | Found an opulent altar of Gozag.
  3013 | D:4      | Reached skill level 1 in Necromancy
  3123 | D:4      | Gained mutation: You occasionally lose the ability to drink
                  | potions when taking damage. [potion of mutation]
  3123 | D:4      | Gained mutation: You are strong-willed. (Will+) [potion of
                  | mutation]
  3123 | D:4      | Lost mutation: You occasionally lose the ability to drink
                  | potions when taking damage. [potion of mutation]
  3123 | D:4      | Gained mutation: Your muscles are strong. (Str +4, Int/Dex
                  | -1) [potion of mutation]
  3147 | D:5      | Entered Level 5 of the Dungeon
  3157 | D:5      | Reached XP level 7. HP: 38/38 MP: 9/9
  3229 | D:5      | Reached skill level 11 in Ranged Weapons
  3240 | D:5      | Reached * piety under Kikubaaqudgha
  3240 | D:5      | Received a gift from Kikubaaqudgha
  3246 | D:5      | Learned a level 4 spell: Animate Dead
  3339 | D:5      | Reached XP level 8. HP: 43/43 MP: 10/10
  3690 | D:6      | Reached skill level 5 in Dodging
  3695 | D:6      | Mangled by an orc warrior

Skill      XL: |  1  2  3  4  5  6  7  8 |
---------------+-------------------------+-----
Ranged Weapons | 6 7 8 9 10 11 | 11.7
Necromancy     | 1 3 4 |  4.4
Dodging        | 4 5 |  5.1
Fighting       | |  1.5
Stealth        | |  1.2

Action                     |  1- 3 |  4- 6 |  7- 9 || total
---------------------------+-------+-------+-------++-------
   Fire: Shortbow          |    74 |    43 |       ||   117
         Arbalest          |       |    71 |    25 ||    96
    Use: Scroll            |     2 |    11 |     1 ||    14
         Potion            |       |     1 |       ||     1
 Armour: Leather armour    |     7 |    22 |       ||    29
  Dodge: Dodged            |    14 |    41 |     5 ||    60

Levels and vault maps discovered:
D:1:      matt_arrival_grand_opening, layout_loops_ring
D:2:      layout_basic, nicolae_half_adder
D:3:      layout_loops_corners, lemuel_crystal_altar, minmay_pentangle
D:4:      layout_loops_cross, nicolae_gozag_seed_capital,
          minmay_temple_entry_drinking_statues
D:5:      layout_rooms, serial_glass, glass_columns_a, glass_columns_a,
          due_unseen_surprise, item_on_display_a, item_on_display_a,
          feat_on_display
D:6:      layout_loops_corners, cheibrodos_sewer_entry_bend
Temple:   hellmonk_temple_of_storms
